 Dungeon Crawl Stone Soup version 0.23-a0-701-gd76f34b (webtiles) character file.

572 emperorscorpion the Shield-Bearer (level 7, 0/55 HPs)
             Began as a Formicid Fighter on Jan 12, 2019.
             Succumbed to a scorpion's poison
             ... on level 7 of the Dungeon.
             The game lasted 00:05:19 (3347 turns).

emperorscorpion the Shield-Bearer (FoFi)            Turns: 3347, Time: 00:05:20

Health: 0/55       AC: 11    Str: 23    XL:     7   Next: 61%
Magic:  7/7        EV:  9    Int:  7    God:
Gold:   68         SH: 10    Dex: 10    Spells: 6/6 levels left

rFire    + . .     SeeInvis +   a - +0 long sword
rCold    . . .     Gourm    .   c - +0 shield
rNeg     . . .     Faith    .   b - +0 scale mail
rPois    .         Spirit   .   (helmet unavailable)
rElec    .         Reflect  .   (no cloak)
rCorr    .         Harm     .   (no gloves)
MR       .....                  (no boots)
Stlth    ..........             (no amulet)
HPRegen  0.18/turn              (no ring)
MPRegen  0.10/turn              (no ring)

@: lethally poisoned (0 -> -7)
A: permanent stasis, dig shafts and tunnels, four strong arms, antennae 3,
iridescent scales 1, molten scales 1, deterioration 1, fire resistance 1
a: Dig, Shaft Self


You were on level 7 of the Dungeon.
You were hungry.

You visited 1 branch of the dungeon, and saw 5 of its levels.

You collected 68 gold pieces.

Inventory:

Hand Weapons
 a - a +0 long sword (weapon)
 i - a +0 dagger of venom
 p - a +0 dagger
Missiles
 o - 15 poisoned needles
Armour
 b - a +0 scale mail (worn)
 c - a +0 shield (worn)
Jewellery
 l - an uncursed amulet of magic regeneration {unknown}
 m - an uncursed ring of protection from fire
 n - an uncursed ring of stealth {unknown}
Wands
 g - a wand of polymorph (6)
Scrolls
 e - 3 scrolls of identify {unknown}
 h - a scroll of enchant weapon {unknown}
 j - a scroll of fear {unknown}
 k - 2 scrolls of teleportation {unknown}
 q - a scroll of immolation {unknown}
Comestibles
 d - a chunk of flesh
 f - 4 rations


   Skills:
 + Level 4.7 Fighting
 + Level 4.9 Long Blades
 + Level 4.7 Armour
 + Level 1.6 Dodging
 + Level 0.6 Stealth
 + Level 5.5 Shields


You had 6 spell levels left.
You didn't know any spells.
Your spell library was empty.

Dungeon Overview and Level Annotations

Branches:
Dungeon (4/15)             Temple (0/1) D:4

Altars:

Annotations:
D:4 Dowan


Innate Abilities, Weirdness & Mutations

You cannot be hasted, slowed, berserked, paralysed or teleported.
You can dig through walls and to a lower floor.
Your four strong arms can wield two-handed weapons with a shield.
You have a pair of large antennae on your head. (SInv)
You are partially covered in iridescent scales. (AC +2)
You are partially covered in molten scales. (AC +2)
Your body sometimes deteriorates upon taking damage.
Your flesh is heat resistant. (rF+)


Message History

The scorpion is heavily wounded.
* * * LOW HITPOINT WARNING * * *
You feel sick.
The scorpion stings you but does no damage.
You block the scorpion's attack.
You slash the scorpion!
The scorpion is almost dead.
* * * LOW HITPOINT WARNING * * *
You feel sick. You block the scorpion's attack.
You hit the scorpion.
You kill the scorpion!
* * * LOW HITPOINT WARNING * * *
You feel sick.
* * * LOW HITPOINT WARNING * * *
You feel sick.
* * * LOW HITPOINT WARNING * * *
You feel sick.
* * * LOW HITPOINT WARNING * * *
You feel sick.
You die...

...... ..... ....#
....##. .......
.....## ..
##..##.##...
##@...........
##.............
#..............
#............#
#.##........#
##†#........##.
###............
#...........#.....
#...!......## ..##


There were no monsters in sight!

Vanquished Creatures
  Duvessa (D:4)
  An orc warrior (D:4)
  A bullfrog (D:2)
  A scorpion (D:7)
  2 hounds
  3 orc wizards
  A worker ant (D:4)
  An adder (D:3)
  2 oozes
  A worm (D:2)
  2 dart slugs
  2 leopard geckos
  6 orcs
  10 bats
  A giant cockroach (D:4)
  7 goblins
  6 hobgoblins
  4 jackals (D:3)
  A quokka (D:4)
  2 ball pythons
  4 frilled lizards
  11 kobolds
  11 rats
81 creatures vanquished.

Notes
Turn   | Place    | Note
-------+----------+-------------------------------------------
     0 | D:1      | emperorscorpion the Formicid Fighter began the quest for
                  | the Orb.
     0 | D:1      | Reached XP level 1. HP: 18/18 MP: 1/1
   110 | D:1      | Reached XP level 2. HP: 21/24 MP: 2/2
   423 | D:1      | Reached XP level 3. HP: 30/30 MP: 3/3
   433 | D:1      | Reached skill level 4 in Shields
  1294 | D:2      | Reached XP level 4. HP: 20/37 MP: 4/4
  1890 | D:3      | Noticed a bullfrog
  1904 | D:2      | Gained mutation: You are partially covered in molten
                  | scales. (AC +2) [potion of mutation]
  1904 | D:2      | Gained mutation: Your body sometimes deteriorates upon
                  | taking damage. [potion of mutation]
  1904 | D:2      | Gained mutation: Your flesh is heat resistant. (rF+)
                  | [potion of mutation]
  1904 | D:2      | Gained mutation: You are partially covered in iridescent
                  | scales. (AC +2) [potion of mutation]
  1907 | D:2      | Killed a bullfrog
  1907 | D:2      | Reached skill level 1 in Dodging
  1907 | D:2      | Reached XP level 5. HP: 6/42 MP: 5/5
  2415 | D:3      | Reached XP level 6. HP: 34/48 MP: 6/6
  2619 | D:3      | Reached skill level 5 in Shields
  2915 | D:4      | Noticed an orc warrior
  2946 | D:4      | Killed an orc warrior
  2946 | D:4      | Reached XP level 7. HP: 12/55 MP: 7/7
  3282 | D:4      | Found a staircase to the Ecumenical Temple.
  3282 | D:4      | Noticed Duvessa
  3282 | D:4      | Noticed Dowan
  3308 | D:4      | Killed Duvessa
  3311 | D:4      | You fall through a shaft for 3 floors!
  3345 | D:7      | HP: 2/55 [poisoned by a scorpion]
  3347 | D:7      | Succumbed to a scorpion's poison

Vault maps used:
D:1:      tarquinn_simple_flora_water_b
D:3:      first_ration, ebering_dispersal_statue_hall
D:4:      minmay_temple_entry_fiery, uniq_menkaure, uniq_duvessa
D:7:      enter_bailey_3, uniq_pikel

Skill      XL: |  1  2  3  4  5  6 |
---------------+-------------------+-----
Shields        | 4 5 |  5.5
Fighting       | 4 |  4.7
Long Blades    | 3 4 |  4.9
Dodging        | 1 |  1.6
Armour         | 4 |  4.7
Stealth        | |  0.6

Action                   |  1- 3 |  4- 6 |  7- 9 || total
-------------------------+-------+-------+-------++-------
Melee: Long sword        |   124 |   128 |    63 ||   315
 Abil: Dig               |       |     5 |     2 ||     7
       Shaft Self        |       |       |     1 ||     1
  Use: Potion            |       |     4 |       ||     4
  Eat: Chunk             |     1 |     6 |     2 ||     9
Armor: Scale mail        |    61 |    61 |    25 ||   147
       Skin              |       |     1 |       ||     1
Dodge: Dodged            |    37 |    29 |    12 ||    78
Block: Shield            |    83 |    69 |    31 ||   183
       Rpst.: Long sword |     9 |    11 |     4 ||    24

Table legend:
 A = Non-vault XP
 B = Vault XP
 C = Vault XP percentage of total XP
 D = Non-vault monster count
 E = Vault monster count
 F = Vault count percentage of total count
                 A         B        C        D         E       F
            +---------+---------+-------+---------+---------+-------
      Total |     673 |     145 |  17.7 |      80 |       1 |   1.2
            +---------+---------+-------+---------+---------+-------
        D:1 |      42 |       0 |   0.0 |      25 |       0 |   0.0
        D:2 |     162 |       0 |   0.0 |      23 |       0 |   0.0
        D:3 |     163 |       0 |   0.0 |      22 |       0 |   0.0
        D:4 |     189 |     145 |  43.4 |       8 |       1 |  11.1
        D:7 |     117 |       0 |   0.0 |       2 |       0 |   0.0
            +---------+---------+-------+---------+---------+-------
